 Dungeon Crawl Stone Soup version 0.19.0 (webtiles) character file.

39468 AlphabetPasta the Severer (level 14, 0/186 HPs)
             Began as a Hill Orc Fighter on Nov 15, 2016.
             Was a High Priest of Okawaru.
             Slain by a harpy (13 damage)
             ... summoned by Kirke
             ... on level 5 of the Lair of Beasts.
             The game lasted 01:09:13 (19527 turns).

AlphabetPasta the Severer (Hill Orc Fighter)       Turns: 19527, Time: 01:09:13

Health: 0/186      AC:  0    Str: 27    XL:     14   Next: 6%
Magic:  0/20       EV: 16    Int:  8    God:    Okawaru [*****.]
Gold:   1296       SH:  0    Dex: 12    Spells: 0 memorised, 13 levels left

rFire  . . .     SeeInvis +       - Unarmed
rCold  . . .     Gourm    .     (armour currently unavailable)
rNeg   . . .     Faith    .     (shield currently unavailable)
rPois  .         Spirit   +     (helmet currently unavailable)
rElec  .         Reflect  .     (cloak currently unavailable)
rCorr  .         Harm     .     (gloves currently unavailable)
MR     +....                    (boots currently unavailable)
Stlth  ..........               H - amulet of guardian spirit
                                (ring currently unavailable)
                                (ring currently unavailable)

@: berserking, pig-form, heroism, very quick
A: see invisible
a: Heroism, Finesse, Renounce Religion


You were on level 5 of the Lair of Beasts.
You worshipped Okawaru.
Okawaru was extremely pleased with you.
You were not hungry.
You were a filthy swine.
You visited 3 branches of the dungeon, and saw 18 of its levels.
You also visited: Ice Cave.

You collected 1296 gold pieces.

Inventory:

Hand Weapons
 a - a +0 battleaxe (melded)
 b - a +0 hand crossbow
 c - a +0 morningstar
Missiles
 v - 238 bolts
Armour
 g - a +1 cloak (melded)
 m - a +0 helmet (melded)
 s - the +7 Kryia's mail coat (melded) {DeviceHeal*2 rC+}
   (You took it off an orc on level 4 of the Dungeon)

   It protects you from cold.
 L - the +2 pair of gloves "Lixoxtag" (melded) {rElec Str+4 Int+8 Dex-4}
   (You found it on level 12 of the Dungeon)

   It affects your strength (+4).
   It affects your intelligence (+8).
   It affects your dexterity (-4).
   It insulates you from electricity.
Magical Staves
 T - an uncursed staff of poison {unknown}
Jewellery
 q - a +4 ring of strength
 r - an uncursed ring of fire
 t - a +3 ring of dexterity (melded)
 E - a +3 ring of protection (melded)
 G - an uncursed ring of protection from cold
 H - an amulet of guardian spirit (around neck)
Wands
 h - a wand of acid (5/15)
 k - a wand of polymorph (9/24)
 o - a wand of lightning (2/15)
 y - a wand of confusion (23/48)
 z - a wand of iceblast (4/15)
 A - a wand of lightning (11/15)
 O - a wand of disintegration (19/24)
 P - a wand of flame (25/48)
Scrolls
 i - a scroll of magic mapping
 n - a scroll of enchant weapon
 p - 6 scrolls of teleportation
 u - 3 scrolls of enchant armour
 F - a scroll of fog
 K - a scroll of silence
Potions
 d - 2 potions of might
 e - a potion of cure mutation
 l - 5 potions of flight
 w - a potion of resistance
 B - a potion of agility
 J - 2 potions of cancellation
 M - a potion of invisibility
 N - a potion of brilliance {unknown}
Comestibles
 f - 6 bread rations
 j - 10 chunks of flesh
 C - a meat ration
 D - 7 fruits


   Skills:
 + Level 11.2(16.2) Fighting
 * Level 16.0(21.0) Axes
 * Level 11.8(16.8) Crossbows
 + Level 10.9(15.9) Armour
   Level 3.4(8.4) Shields
 + Level 8.8 Invocations
 - Level 5.0 Evocations


You had 13 spell levels left.
You didn't know any spells.

Dungeon Overview and Level Annotations

Branches:
Dungeon (12/15)            Temple (1/1) D:4            Lair (5/6) D:8
  Swamp (0/4) Lair:2        Snake (0/4) Lair:3          Orc (0/2) D:11
  Slime: Lair:5-6

Altars:
Ashenzari
Cheibriados
Dithmenos
Elyvilon
Fedhas
Gozag
Hepliaklqana
Kikubaaqudgha
Makhleb
Nemelex Xobeh
Okawaru
Qazlal
Ru
Sif Muna
Trog
Uskayaw
Vehumet
Xom
Yredelemnul
Zin
The Shining One
Beogh

Shops:
D:12 [

Annotations:
Lair:5 Kirke


Innate Abilities, Weirdness & Mutations

You have supernaturally acute eyesight. (SInv)


Message History

You hit Kirke.
Kirke is severely wounded.
The harpy completely misses you. The harpy closely misses you.
The harpy claws you!
* * * LOW HITPOINT WARNING * * *
The harpy claws you!
* * * LOW HITPOINT WARNING * * *
A red film seems to cover your vision as you go berserk!
Your finesse ends abruptly.
You feel yourself moving faster!
You feel mighty!
The harpy screeches!
The harpy completely misses you. The harpy barely misses you. x2
The harpy misses you. The harpy claws you.
* * * LOW HITPOINT WARNING * * *
The harpy misses you. Kirke hits you.
* * * LOW HITPOINT WARNING * * *
You barely miss Kirke.
Kirke is severely wounded.
The harpy screeches!
The harpy closely misses you. The harpy claws you!
You die...

## .## # .
#..#.## ...
#####...#.#....
...............
......HhH.....?
......@.†......
######.###.....
## .... ... ..
.


You could see Kirke and 2 harpies.

Vanquished Creatures
  Snorg (Lair:4)
  The ghost of Haruko the Fighter, a journeyman NaMo of Okawaru (D:11)
  Erolcha (D:9)
  3 hydras
  An ogre mage (D:11)
  Nergalle (D:11)
  Sonja (D:11)
  A hill giant (D:8)
  An unseen horror (D:12)
  Pikel (D:8)
  An orc knight (D:12)
  A cyclops (D:11)
  3 ugly things
  A manticore (D:12)
  9 elephants
  A black mamba (Lair:2)
  2 ice statues (IceCv)
  Maurice (D:9)
  7 spiny frogs
  5 komodo dragons
  2 trolls
  2 polar bears
  Prince Ribbit (D:7)
  2 two-headed ogres (D:11)
  6 dream sheep
  8 blink frogs
  4 hippogriffs
  20 yaks
  2 shadows
  A wyvern (D:11)
  2 hungry ghosts
  5 hogs
  3 fire bats (Lair:2)
  4 vampire mosquitoes (D:12)
  A mottled dragon (D:11)
  3 insubstantial wisps (Lair:2)
  A naga (Lair:3)
  A soldier ant (D:8)
  5 porcupines
  8 water moccasins
  9 orc warriors
  8 ice beasts
  3 sky beasts
  2 slaves (D:8)
  3 black bears
  2 necrophages
  2 phantoms
  6 wolves
  13 ogres
  10 centaurs
  12 crocodiles
  12 bullfrogs
  A big kobold (D:10)
  6 scorpions
  15 killer bees
  5 wights (D:5)
  An electric eel (Lair:3)
  3 howler monkeys
  8 crimson imps
  A quasit (D:7)
  7 orc priests
  3 hounds
  2 jellies
  4 centaur skeletons
  A gnoll shaman (D:10)
  6 orc wizards
  7 iguanas
  10 worker ants
  2 worker ant zombies
  9 gnolls
  A howler monkey skeleton (D:9)
  17 adders
  5 shadow imps
  An adder skeleton (D:6)
  4 worms
  3 leopard geckos
  39 orcs
  3 ball pythons
  2 bats (D:3)
  3 giant cockroaches
  4 hobgoblins
  24 jackals
  12 kobolds
  6 quokkas
  3 frilled lizards
  4 goblins
  A leopard gecko skeleton (D:4)
  A quokka zombie (D:5)
  24 rats
  4 plants
458 creatures vanquished.

Vanquished Creatures (others)
  A slave (D:8)
  9 fungi
  3 plants (Lair:2)
13 creatures vanquished.

Grand Total: 471 creatures vanquished

Notes
Turn   | Place    | Note
-------+----------+-------------------------------------------
     0 | D:1      | AlphabetPasta the Hill Orc Fighter began the quest for the Orb.
     0 | D:1      | Reached XP level 1. HP: 19/19 MP: 1/1
    53 | D:1      | Reached skill level 3 in Axes
   258 | D:1      | Reached XP level 2. HP: 27/27 MP: 2/2
  1204 | D:2      | Reached XP level 3. HP: 29/33 MP: 3/3
  1620 | D:2      | Reached skill level 4 in Axes
  1837 | D:2      | Reached XP level 4. HP: 41/41 MP: 4/4
  2233 | D:3      | Found an opulent altar of Gozag.
  2404 | D:3      | Gained mutation: You have supernaturally acute eyesight. (SInv) [potion of beneficial mutation]
  2459 | D:3      | Reached skill level 1 in Crossbows
  2612 | D:3      | Reached XP level 5. HP: 44/47 MP: 5/5
  2616 | D:3      | Reached skill level 5 in Axes
  3077 | D:4      | Reached XP level 6. HP: 36/53 MP: 6/6
  3561 | D:4      | Reached skill level 5 in Fighting
  3893 | D:4      | Found a staircase to the Ecumenical Temple.
  3907 | D:4      | Reached skill level 6 in Axes
  3922 | D:4      | Reached XP level 7. HP: 61/61 MP: 7/7
  3940 | Temple   | Entered the Ecumenical Temple
  4081 | D:5      | Entered Level 5 of the Dungeon
  4163 | D:5      | Reached skill level 5 in Armour
  4180 | D:5      | Reached skill level 7 in Axes
  4245 | D:5      | Reached XP level 8. HP: 64/69 MP: 8/8
  4477 | D:5      | Found an ancient bone altar of Kikubaaqudgha.
  4505 | D:5      | Found a radiant altar of Vehumet.
  4712 | D:5      | Reached skill level 8 in Axes
  4959 | D:5      | Found a faded altar of an unknown god.
  4959 | D:5      | Found a white marble altar of Elyvilon.
  4964 | D:5      | Found a faded altar of an unknown god.
  4966 | D:5      | Found a faded altar of an unknown god.
  4967 | D:5      | Found a faded altar of an unknown god.
  5185 | D:6      | Reached skill level 5 in Crossbows
  5497 | D:6      | Reached skill level 1 in Evocations
  5778 | D:7      | Reached XP level 9. HP: 78/78 MP: 9/9
  5861 | D:7      | Reached skill level 9 in Axes
  6360 | D:7      | Noticed Prince Ribbit
  6680 | D:7      | Killed Prince Ribbit
  7035 | D:7      | Reached skill level 10 in Axes
  7469 | D:8      | Noticed Pikel
  7475 | D:8      | Killed Pikel
  7475 | D:8      | Reached XP level 10. HP: 65/86 MP: 10/12
  7633 | D:8      | Reached skill level 11 in Axes
  7860 | D:8      | Found a staircase to the Lair.
  7988 | D:8      | Noticed a hill giant
  8006 | D:8      | Killed a hill giant
  8648 | D:9      | Noticed Maurice
  8660 | D:9      | Killed Maurice
  8801 | D:9      | Found a glowing golden altar of the Shining One.
  8817 | D:9      | Found an iron altar of Okawaru.
  8818 | D:9      | Found a burning altar of Makhleb.
  8820 | D:9      | Found a sparkling altar of Nemelex Xobeh.
  9077 | D:9      | Noticed Erolcha
  9085 | D:9      | HP: 4/88 [Erolcha/giant spiked club (29)]
  9086 | D:9      | HP: 1/88 [orc warrior/halberd (3)]
  9089 | D:9      | Killed Erolcha
  9089 | D:9      | Reached XP level 11. HP: 23/94 MP: 14/14
  9090 | D:9      | Reached skill level 12 in Axes
  9815 | D:10     | Entered Level 10 of the Dungeon
  9844 | D:10     | Reached skill level 5 in Evocations
 10022 | D:9      | Became a worshipper of Warmaster Okawaru
 10487 | D:11     | Reached skill level 1 in Invocations
 10696 | D:11     | Found a staircase to the Orcish Mines.
 10719 | D:11     | Noticed Nergalle
 10750 | D:11     | Killed Nergalle
 10750 | D:11     | Reached * piety under Okawaru
 10932 | D:11     | Noticed Haruko's ghost (journeyman NaMo)
 10976 | D:11     | Killed Haruko's ghost
 11145 | D:11     | Noticed Sonja
 11147 | D:11     | Noticed an ogre mage
 11522 | D:11     | Killed an ogre mage
 11522 | D:11     | Reached ** piety under Okawaru
 11526 | D:11     | Reached skill level 13 in Axes
 11735 | D:11     | Noticed a cyclops
 11740 | D:11     | Killed a cyclops
 11877 | D:11     | Noticed a cyan ugly thing
 11887 | D:11     | Killed a cyan ugly thing
 11915 | D:11     | Reached XP level 12. HP: 86/104 MP: 11/15
 11945 | D:11     | Killed Sonja
 11945 | D:11     | Reached *** piety under Okawaru
 12054 | D:12     | Found Helekifuwk's Antique Armour Shoppe.
 12216 | D:12     | Identified Eplicih's Collected Works on Arcane Weapons
 12327 | D:12     | Got a pair of heavily runed gloves
 12333 | D:12     | Identified the +2 pair of gloves "Lixoxtag" {rElec Str+4 Int+8 Dex-4} (You found it on level 12 of the Dungeon)
 12366 | D:12     | Reached **** piety under Okawaru
 12467 | D:12     | Found a roughly hewn altar of Beogh.
 12494 | D:12     | Reached skill level 10 in Crossbows
 12524 | D:12     | Reached skill level 5 in Invocations
 13007 | D:12     | Received a gift from Okawaru
 13229 | D:11     | Reached skill level 14 in Axes
 13309 | Lair:1   | Entered Level 1 of the Lair of Beasts
 13421 | Lair:1   | Received a gift from Okawaru
 13806 | Lair:1   | Received a gift from Okawaru
 13877 | Lair:1   | Reached skill level 10 in Fighting
 14485 | Lair:2   | Found a frozen archway.
 14494 | IceCv    | Entered an ice cave
 14644 | IceCv    | Reached ***** piety under Okawaru
 15302 | Lair:2   | Reached XP level 13. HP: 49/113 MP: 8/17
 15321 | Lair:2   | HP: 5/113 [blink frog (12)]
 15338 | Lair:2   | Reached skill level 10 in Armour
 15772 | Lair:2   | Received a gift from Okawaru
 15908 | Lair:2   | Reached skill level 15 in Axes
 16150 | Lair:2   | Found a staircase to the Swamp.
 16411 | Lair:2   | Received a gift from Okawaru
 16812 | Lair:2   | Received a gift from Okawaru
 17143 | Lair:2   | Received a gift from Okawaru
 17409 | Lair:3   | Found a staircase to the Snake Pit.
 18560 | Lair:4   | Noticed Snorg
 18585 | Lair:4   | Killed Snorg
 18585 | Lair:4   | Received a gift from Okawaru
 19274 | Lair:5   | Noticed Kirke
 19345 | Lair:4   | Reached XP level 14. HP: 95/124 MP: 16/20
 19369 | Lair:4   | Reached skill level 16 in Axes
 19527 | Lair:5   | Slain by a harpy

Skill      XL: |  1  2  3  4  5  6  7  8  9 10 11 12 13 14 |
---------------+-------------------------------------------+-----
Axes           | 3 4 5 6 7 8 10 11 13 14 15 16 | 16.0
Fighting       | 4 5 6 7 8 9 10 11 | 11.2
Armour         | 4 5 6 7 8 9 10 | 10.9
Crossbows      | 1 3 4 5 6 8 9 10 11 | 11.8
Evocations     | 1 3 4 5 |  5.0
Invocations    | 3 6 8 |  8.8
Shields        | |  3.4

Action                   |  1- 3 |  4- 6 |  7- 9 | 10-12 | 13-15 || total
-------------------------+-------+-------+-------+-------+-------++-------
Melee: War axe           |   125 |   230 |   110 |       |       ||   465
       Battleaxe         |       |       |   200 |   792 |   359 ||  1351
       Morningstar       |       |       |       |       |    12 ||    12
       Punch             |       |       |       |       |     1 ||     1
       Unarmed           |       |       |       |       |    10 ||    10
 Fire: Hand crossbow     |       |       |       |       |    91 ||    91
Invok: Heroism           |       |       |       |     7 |     5 ||    12
       Finesse           |       |       |       |       |     1 ||     1
Evoke: Wand              |       |       |     1 |     6 |       ||     7
  Use: Scroll            |       |    11 |     4 |    16 |     5 ||    36
       Potion            |       |     2 |     1 |    12 |     3 ||    18
 Stab: Confused          |       |       |       |     1 |       ||     1
  Eat: Chunk             |     3 |     7 |     3 |    20 |     3 ||    36
       Meat ration       |       |       |     1 |     1 |     2 ||     4
       Pizza             |       |       |     1 |     3 |       ||     4
       Bread ration      |       |       |     1 |       |       ||     1
       Beef jerky        |       |       |       |     1 |       ||     1
Armor: Scale mail        |    14 |     7 |   165 |   509 |   313 ||  1008
       Chain mail        |    48 |   115 |       |       |       ||   163
Dodge: Dodged            |    30 |    51 |   137 |   495 |   267 ||   980
Block: Shield            |    60 |   111 |    47 |       |       ||   218
